 Dungeon Crawl Stone Soup version 0.30-a0-1160-g6e42c06 (webtiles) character file.

Game seed: 6546582058264529388

79 Dorkslayer the Shield-Bearer (level 4, 0/29 HPs)
             Began as a Gargoyle Fighter on Apr 25, 2023.
             Slain by an ogre
             ... wielding a +0 giant club
              (13 damage)
             ... on level 3 of the Dungeon.
             The game lasted 00:05:19 (2050 turns).

Dorkslayer the Shield-Bearer (Gargoyle Fighter)     Turns: 2050, Time: 00:05:20

Health: 0/29       AC: 12    Str: 24    XL:     4   Next: 37%
Magic:  4/4        EV:  8    Int:  4    God:
Gold:   104        SH:  4    Dex: 11    Spells: 3/3 levels left

rFire   . . .        l - +7 whip of Unpleasantness {freeze, Str+5 Int-5 Stlth+}
rCold   . . .        c - +0 buckler
rNeg    + . .        k - +0 chain mail
rPois   ∞            (no helmet)
rElec   +            (no cloak)
rCorr   .            (no gloves)
SInv    +            (no boots)
Will    .....        (no amulet) Stlth
                     e - ring of see invisible
HPRegen 0.24/turn    (no ring)
MPRegen 0.09/turn

%: no passive effects
@: mighty
A: sickness immunity, AC +3, negative energy resistance 1, electricity
resistance, torment resistance 1, petrification resistance
a: no special abilities


You were on level 3 of the Dungeon.
You visited 1 branch of the dungeon, and saw 3 of its levels.

You collected 104 gold pieces.

Inventory:

Hand Weapons
 a - a +0 war axe
 l - the +7 whip of Unpleasantness (weapon) {freeze, Str+5 Int-5 Stlth+}
   (You found it on level 3 of the Dungeon)

   Str:       It affects your strength (+5).
   Int:       It affects your intelligence (-5).
   Stlth:     It makes you more stealthy.
Armour
 c - a +0 buckler (worn)
 k - a +0 chain mail (worn)
Jewellery
 e - a ring of see invisible (left hand)
Wands
 m - a wand of roots (12)
Scrolls
 b - 2 scrolls of enchant armour {unknown}
 f - 4 scrolls of identify {unknown}
 g - a scroll of fear {unknown}
 i - a scroll of vulnerability {unknown}
 n - a scroll of fog {unknown}
Potions
 h - a potion of mutation {unknown}
 j - a potion of heal wounds {unknown}


   Skills:
 + Level 3.6 Fighting
 + Level 2.5 Axes
 * Level 0.1(1.6) Maces & Flails
 + Level 3.8 Armour
 + Level 1.0 Dodging
 + Level 3.9 Shields


You had 3 spell levels left.
You didn't know any spells.
Your spell library contained the following spells:

 Spells                   Type           Power      Damage    Failure   Level
 Vhi's Electric Charge    Tloc/Air       0%         N/A       100%        3
 Arcjolt                  Conj/Air       0%         1d10      100%        5
 Fireball                 Conj/Fire      0%         3d3       100%        5
 Iskenderun's Battlesphe  Conj           0%         2d6       100%        5
 Summon Forest            Summ/Tloc      0%         N/A       100%        5
 Summon Mana Viper        Hex/Summ       0%         N/A       100%        5
 Conjure Ball Lightning   Conj/Air       0%         3x3d6     100%        6
 Plasma Beam              Fire/Air       0%         2x1d11    100%        6
 Summon Cactus Giant      Summ           0%         N/A       100%        6
 Orb of Destruction       Conj           0%         9d5       100%        7


Dungeon Overview and Level Annotations

Branches:
Dungeon (3/15)

Altars:

Shops:
D:1 (


Innate Abilities, Weirdness & Mutations

You are immune to sickness and miasma.
Your stone body is resilient. (AC +3)
You are immune to poison.
You resist negative energy. (rN+)
You are resistant to electric shocks. (rElec)
You are resistant to unholy torment.
You are immune to petrification.


Message History

You barely miss the kobold. The kobold hits you but does no damage.
You closely miss the kobold. The kobold hits you but does no damage.
You miss the kobold. You block the kobold's attack.
You barely miss the kobold. The kobold hits you but does no damage.
You closely miss the kobold. The kobold hits you but does no damage.
You whack the kobold! You freeze the kobold.
You kill the kobold!
Things that are here:
a +0 dagger; a stone; a kobold corpse
Found a stone staircase leading down.
There is a stone staircase leading down here.
Found a short sword.
Found a tapered fluorescent wand.
Found 7 gold pieces.
m - a wand of roots (12)
You now have 104 gold pieces (gained 7).
Found a scroll labelled NUOLUW BERHO.
b - 2 scrolls labelled NUOLUW BERHO (gained 1)
A rat comes into view.
The rat bites you but does no damage.
You hit the rat. You freeze the rat.
You kill the rat!
Found a scroll labelled CEUNYD USUIR.
n - a scroll labelled CEUNYD USUIR A hobgoblin and an ogre come into view.
The hobgoblin shouts!
The ogre shouts!
You hit the ogre. You freeze the ogre.
The ogre is lightly wounded.
The ogre hits you with a +0 giant club!
You barely miss the ogre.
The ogre is lightly wounded.
The ogre hits you with a +0 giant club.
You feel very mighty all of a sudden.
You whack the ogre! You freeze the ogre.
The ogre is heavily wounded.
The ogre barely misses you.
You hit the ogre. You freeze the ogre.
The ogre is severely wounded.
The ogre hits you with a +0 giant club!
You die...

###############
...............
....g..g#
#######O# #@#
#.### #####...#
.........#
#.#######.# #.#
#.# #.# #.# #.#
#.# #.# #.###.#


You could see an ogre and a hobgoblin.

Vanquished Creatures
  3 adders (D:2)
  A worm (D:2)
  A dart slug (D:1)
  5 endoplasms
  2 giant cockroaches (D:1)
  3 goblins
  5 hobgoblins
  A kobold (D:3)
  3 quokkas
  6 ball pythons (D:1)
  4 bats
  4 frilled lizards (D:2)
  6 rats
  7 bushes (D:2)
51 creatures vanquished.

Vanquished Creatures (others)
  5 plants (D:2)
5 creatures vanquished.

Grand Total: 56 creatures vanquished

Notes
Turn   | Place    | Note
-------+----------+-------------------------------------------
     0 | D:1      | Dorkslayer the Gargoyle Fighter began the quest for the
                  | Orb.
     0 | D:1      | Reached XP level 1. HP: 14/14 MP: 1/1
    76 | D:1      | Found Inoang's Antique Weapon Shoppe.
   112 | D:1      | Reached XP level 2. HP: 19/19 MP: 2/2
   474 | D:1      | Reached XP level 3. HP: 23/23 MP: 3/3
  1309 | D:2      | Reached XP level 4. HP: 28/28 MP: 4/4
  1577 | D:2      | Reached skill level 1 in Dodging
  1933 | D:3      | Identified the +7 whip of Unpleasantness {freeze, Str+5
                  | Int-5 Stlth+}
  2042 | D:3      | Noticed an ogre
  2050 | D:3      | Slain by an ogre

Illustrated notes

Levels and vault maps discovered:
D:1:      lightli_arrival_statue_moat, layout_loops_ring, serial_shops,
          nicolae_shop_trees
D:2:      layout_basic, serial_forest, infiniplex_forest_straight_4,
          infiniplex_forest_end_3, infiniplex_forest_clump_diagonal,
          infiniplex_forest_straight_2, infiniplex_forest_clump_curved,
          infiniplex_forest_straight_4, infiniplex_forest_end_2,
          infiniplex_forest_side_room
D:3:      layout_loops_ring

Skill      XL: |  1  2  3  4 |
---------------+-------------+-----
Axes           | 2 |  2.5
Dodging        | 1 |  1.0
Fighting       | |  3.6
Maces & Flails | |  0.1
Armour         | |  3.8
Shields        | |  3.9

Action                     |  1- 3 |  4- 6 || total
---------------------------+-------+-------++-------
  Melee: War axe           |   324 |    36 ||   360
         Whip              |       |    12 ||    12
    Use: Potion            |       |     1 ||     1
 Armour: Scale mail        |    74 |     3 ||    77
         Chain mail        |       |    12 ||    12
  Dodge: Dodged            |    72 |    16 ||    88
  Block: Buckler           |    30 |    10 ||    40

Table legend: (Time is in decaauts)
 A = Elapsed time spent in this place.
 B = Non-inter-level travel time spent in this place.
 C = Inter-level travel time spent in this place.
 D = Time resting spent in this place.
 E = Time spent auto-exploring this place.
 F = Levels seen in this place.
 G = Mean time per level.
                   A        B        C        D        E       F      G
               +--------+--------+--------+--------+--------+-----+--------+
         Total |   2202 |   2202 |      0 |      0 |    997 |   3 |  734.0 |
       Dungeon |   2202 |   2202 |      0 |      0 |    997 |   3 |  734.0 |
               +--------+--------+--------+--------+--------+-----+--------+

Top non-repeatable levels by time:
     D:2: 1199 daAuts
     D:1: 749 daAuts
     D:3: 253 daAuts
